 Dungeon Crawl Stone Soup version 0.23.2-33-g5129a83184 (webtiles) character file.

Game seed: 6811776298842965983

1412 Exodus22XD the Thaumaturge (level 8, -1/62 HPs)
             Began as a Mummy Necromancer on June 28, 2019.
             Slain by a quasit (2 damage)
             ... on level 6 of the Dungeon.
             The game lasted 00:38:26 (5141 turns).

Exodus22XD the Thaumaturge (Mummy Necromancer)      Turns: 5141, Time: 00:38:27

Health: -1/62      AC:  4    Str: 12    XL:     8   Next: 43%
Magic:  20/20      EV:  2    Int: 16    God:
Gold:   234        SH:  0    Dex: -5 (14) Spells: 14/23 levels left

rFire    x . .     SeeInvis .   g - +0 spear
rCold    + . .     Gourm    .   (no shield)
rNeg     + + +     Faith    .   a - +0 robe
rPois    ∞         Spirit   .   r - +1 helmet
rElec    .         Reflect  .   n - scarf {repulsion}
rCorr    .         Harm     .   (no gloves)
MR       ++...                  (no boots)
Stlth    ..........             (no amulet)
HPRegen  0.20/turn              j - +2 ring of dexterity
MPRegen  0.17/turn              k - ring of protection from magic

@: slowed, lost dexterity, repel missiles, very slow
A: no food or potions, fire vulnerability, cold resistance 1, negative energy
resistance 3, torment resistance, unbreathing
a: no special abilities


You were on level 6 of the Dungeon.
You were not hungry.

You visited 2 branches of the dungeon, and saw 7 of its levels.

You collected 234 gold pieces.

Inventory:

Hand Weapons
 f - a +0 dagger of venom
 g - a +0 spear (weapon)
Armour
 a - a +0 robe (worn)
 e - a +0 cloak
 m - a +0 cloak of invisibility
 n - a scarf of repulsion (worn)
 r - a +1 helmet (worn)
 s - a +0 leather armour
Jewellery
 j - a +2 ring of dexterity (left hand)
 k - a ring of protection from magic (right hand)
Wands
 i - a wand of enslavement (10)
 l - a wand of flame (20)
Scrolls
 b - a scroll of magic mapping {unknown}
 c - a scroll of blinking {unknown}
 d - a scroll of enchant weapon {unknown}
 h - a scroll of amnesia {unknown}
 o - 4 scrolls of remove curse
 p - a scroll of enchant armour
 q - 2 scrolls of identify {unknown}


   Skills:
 + Level 5.1 Fighting
 - Level 0.1 Polearms
 - Level 1.5 Dodging
 - Level 1.5 Stealth
 - Level 8.1 Spellcasting
 - Level 7.5 Necromancy


You had 14 spell levels left.
You knew the following spells:

 Your Spells              Type           Power        Failure   Level  Hunger
a - Pain                  Necr           ####         1%          1    N/A
b - Animate Skeleton      Necr           N/A          1%          1    N/A
c - Vampiric Draining     Necr           ####......   1%          3    N/A
d - Animate Dead          Necr           N/A          4%          4    N/A

Your spell library contained the following spells:

 Spells                   Type           Power        Failure   Level  Hunger
 Regeneration             Chrm/Necr      Unusable     N/A         3    N/A

Dungeon Overview and Level Annotations

Branches:
Dungeon (6/15)             Temple (1/1) D:4

Altars:
Ashenzari
Dithmenos
Gozag
Nemelex Xobeh
Qazlal
Ru
Trog
Uskayaw
Wu Jian
Zin
The Shining One

Annotations:
D:4 Grinder
D:5 2 transporters, Mrkan's ghost, novice GnNe


Innate Abilities, Weirdness & Mutations

You do not eat or drink.
Your flesh is vulnerable to fire.
You are immune to poison.
Your flesh is cold resistant. (rC+)
You are immune to negative energy. (rN+++)
You are immune to unholy pain and torment.
You can survive without breathing.


Message History

The quasit claws you.
* * * LOW HITPOINT WARNING * * *
The quasit claws you but does no damage.
You miss the quasit.
The quasit is moderately wounded.
The quasit bites you.
* * * LOW HITPOINT WARNING * * *
You feel clumsy.
The quasit claws you but does no damage. x2
The quasit bites you but does no damage.
The quasit claws you but does no damage. x2
The quasit barely misses you.
The quasit claws you but does no damage.
The quasit barely misses you.
Unknown command.
Unknown command.
You barely miss the quasit.
The quasit is moderately wounded.
The quasit bites you.
You die...

......
............
##..... ......
#....###......
.......#......
#... ........#
##.####.......#
##..#.#.........
#.<...@5..>.....
#......#........
####............
....##........
###....#.......
#....###.#.##
##.### ..## ##.
...


You could see a quasit.

Vanquished Creatures
  Pikel (D:4)
  Sigmund (D:3)
  2 ogres (D:5)
  A centaur (D:4)
  A scorpion (D:4)
  A howler monkey (D:4)
  A bullfrog zombie (D:5)
  A jelly (D:5)
  An orc wizard (D:4)
  2 bullfrog skeletons (D:5)
  A hound (D:3)
  Crazy Yiuf (D:3)
  Jessica (D:3)
  Terence (D:2)
  4 worker ants
  Robin (D:4)
  An adder (D:5)
  2 oozes
  An adder skeleton (D:4)
  A dart slug (D:2)
  3 leopard geckos
  10 orcs
  3 ball pythons
  5 bats
  6 giant cockroaches
  12 goblins
  9 hobgoblins
  8 jackals
  4 quokkas
  6 frilled lizards
  6 kobolds
  3 rats
101 creatures vanquished.

Vanquished Creatures (collateral kills)
  An orc (D:4)
  A goblin (D:4)
2 creatures vanquished.

Vanquished Creatures (others)
  An orc wizard (D:4)
1 creature vanquished.

Grand Total: 104 creatures vanquished

Notes
Turn   | Place    | Note
-------+----------+-------------------------------------------
     0 | D:1      | Exodus22XD the Mummy Necromancer began the quest for the
                  | Orb.
     0 | D:1      | Reached XP level 1. HP: 13/13 MP: 4/4
    92 | D:1      | Reached skill level 3 in Spellcasting
   223 | D:1      | Reached XP level 2. HP: 8/19 MP: 0/6
   512 | D:1      | Reached skill level 4 in Spellcasting
   947 | D:2      | Found a faded altar of an unknown god.
   972 | D:2      | Learned a level 1 spell: Animate Skeleton
  1094 | D:2      | Found a glowing golden altar of the Shining One.
  1095 | D:2      | Noticed Terence
  1107 | D:2      | Killed Terence
  1107 | D:2      | Reached skill level 5 in Spellcasting
  1107 | D:2      | Reached XP level 3. HP: 13/24 MP: 3/9
  1664 | D:3      | Reached XP level 4. HP: 30/30 MP: 2/11
  1831 | D:3      | Noticed Jessica
  1841 | D:3      | Killed Jessica
  1847 | D:3      | Found a sparkling altar of Nemelex Xobeh.
  1873 | D:3      | Reached skill level 6 in Spellcasting
  2156 | D:3      | Found a runed translucent door.
  2157 | D:3      | Noticed Crazy Yiuf
  2164 | D:3      | Learned a level 3 spell: Vampiric Draining
  2169 | D:3      | Killed Crazy Yiuf
  2169 | D:3      | Reached XP level 5. HP: 27/35 MP: 5/14
  2310 | D:3      | Noticed Sigmund
  2333 | D:3      | Killed Sigmund
  2333 | D:3      | Reached skill level 8 in Spellcasting
  2333 | D:3      | Reached XP level 6. HP: 41/41 MP: 1/17
  2615 | D:4      | Learned a level 4 spell: Animate Dead
  2804 | D:4      | Found a staircase to the Ecumenical Temple.
  2815 | Temple   | Entered the Ecumenical Temple
  2910 | D:4      | Noticed a slave
  2910 | D:4      | Noticed a slave
  2911 | D:4      | Noticed Pikel
  2911 | D:4      | Noticed a slave
  2915 | D:4      | Noticed a slave
  2923 | D:4      | Killed Pikel
  2923 | D:4      | Reached XP level 7. HP: 28/46 MP: 3/18
  3082 | D:4      | Reached skill level 1 in Fighting
  3231 | D:4      | Noticed Grinder
  3389 | D:4      | Reached XP level 8. HP: 28/57 MP: 3/20
  3633 | D:4      | Noticed Robin
  3671 | D:4      | Killed Robin
  3823 | D:5      | Entered Level 5 of the Dungeon
  4681 | D:5      | Found a transporter.
  4728 | D:5      | Reached skill level 5 in Fighting
  4738 | D:5      | Found a transporter.
  4748 | D:5      | Noticed Mrkan's ghost (novice GnNe)
  5133 | D:6      | Lost dexterity.
  5139 | D:6      | HP: 3/62 [quasit (2)]
  5140 | D:6      | HP: 1/62 [quasit (1)]
  5141 | D:6      | Slain by a quasit

Skill      XL: |  1  2  3  4  5  6  7  8 |
---------------+-------------------------+-----
Spellcasting   | 3 5 6 8 |  8.1
Necromancy     | 7 |  7.5
Fighting       | 2 5 |  5.1
Polearms       | |  0.1
Dodging        | |  1.5
Stealth        | |  1.5

Action                   |  1- 3 |  4- 6 |  7- 9 || total
-------------------------+-------+-------+-------++-------
Melee: Unarmed           |     6 |       |       ||     6
       Short sword       |     5 |       |       ||     5
       Dagger            |     3 |    13 |    50 ||    66
       Spear             |       |       |    89 ||    89
 Cast: Pain              |    56 |    69 |    79 ||   204
       Vampiric Draining |       |     2 |     3 ||     5
       Animate Dead      |       |       |     9 ||     9
  Use: Scroll            |       |     1 |     3 ||     4
 Stab: Distracted        |     1 |       |       ||     1
       Sleeping          |       |       |     3 ||     3
Armor: Robe              |     7 |     6 |    65 ||    78
Dodge: Dodged            |    11 |    18 |   137 ||   166
       Deflected         |       |       |     1 ||     1
